 Dungeon Crawl Stone Soup version 0.30-a0-540-g0af01429fa (webtiles) character file.

Game seed: 2405924662215918457

61327 Angani the Jinx (level 14, -12/98 (121) HPs)
             Began as a Pale Draconian Reaver on Dec 25, 2022.
             Was an Initiate of Gozag.
             Killed from afar by Josephine (25 damage)
             ... with a ghostly fireball
             ... on level 1 of the Orcish Mines.
             The game lasted 00:41:59 (16804 turns).

Angani the Jinx (Pale Draconian Reaver)            Turns: 16804, Time: 00:41:59

HP:   -12/98 (121)  AC: 11    Str: 15    XL:     14   Next: 60%
MP:   28/30         EV: 19    Int: 18    God:    Gozag
Gold: 5067          SH:  0    Dex: 10    Spells: 9/37 levels left

rFire   . . .      SeeInvis +    E - +2 triple sword (spect)
rCold   . . .      Faith    .    (shield currently unavailable)
rNeg    . . .      Spirit   .    (body armour unavailable)
rPois   .          Reflect  .    (helmet restricted)
rElec   .          Harm     .    g - +0 cloak
rCorr   .          Rampage  +    b - +0 pair of gloves
Will    +....                    T - +0 pair of boots {rampage}
Stlth   +                        K - amulet of regeneration
HPRegen 1.16/turn                A - +4 ring of evasion
MPRegen 0.22/turn                q - ring of see invisible

@: slowed, studying Staves, heavily drained, very slow
A: breathe steam, AC +8, unfitting armour, cold-blooded, steam resistance
a: Breathe Steam, Renounce Religion, Potion Petition, Call Merchant, Bribe
Branch


You were on level 1 of the Orcish Mines.
You worshipped Gozag.
Gozag was greatly pleased with you.
You visited 3 branches of the dungeon, and saw 17 of its levels.

You collected 5523 gold pieces.
You spent 456 gold pieces at shops.

Inventory:

Hand Weapons
 s - a +0 falchion of draining
 z - a +1 vorpal falchion
 E - a +2 spectral triple sword (weapon)
Missiles
 C - 2 throwing nets
Armour
 b - a +0 pair of gloves (worn)
 g - a +0 cloak (worn)
 T - a +0 pair of boots of rampaging (worn)
Jewellery
 e - a ring of resist corrosion
 k - a +6 ring of intelligence
 l - a ring of wizardry
 p - a ring of protection from fire
 q - a ring of see invisible (right hand)
 r - the ring "Tofug" {+Blink Fly rElec MP+9 Dex-3}
   (You found it on level 3 of the Lair of Beasts)

   [ring of flight]

   Dex:       It affects your dexterity (-3).
   rElec:     It insulates you from electricity.
   MP:        It affects your magic capacity (+9).
   Fly:       It grants you flight.
   +Blink:    It lets you blink.
 w - a +6 ring of dexterity
 A - a +4 ring of evasion (left hand)
 H - a ring of wizardry
 J - an amulet of the acrobat
 K - an amulet of regeneration (around neck)
Wands
 m - a wand of flame (58)
 y - a wand of digging (2)
 F - a wand of polymorph (16)
 I - a wand of quicksilver (10)
 O - a wand of charming (8)
 P - a wand of iceblast (4)
 Q - a wand of mindburst (7)
Scrolls
 a - 2 scrolls of fear
 c - a scroll of silence
 d - 2 scrolls of vulnerability
 f - a scroll of brand weapon
 t - a scroll of amnesia
 B - 2 scrolls of magic mapping
 D - a scroll of fog
Potions
 h - a potion of invisibility
 i - 10 potions of curing
 j - 2 potions of berserk rage
 n - 2 potions of magic
 o - 5 potions of lignification
 u - 4 potions of haste
 v - a potion of cancellation
 x - a potion of brilliance
 G - 2 potions of attraction {unknown}
 L - a potion of resistance {unknown}
 M - 3 potions of flight {unknown}
 R - a potion of might
 S - 2 potions of mutation {unknown}
Miscellaneous
 N - a phantom mirror


   Skills:
 + Level 10.2 Fighting
 + Level 10.1 Long Blades
 + Level 10.2 Dodging
 - Level 12.0 Spellcasting
 - Level 3.0 Conjurations
 - Level 13.2 Hexes
 - Level 7.0 Transmutations


You had 9 spell levels left.
You knew the following spells:

 Your Spells              Type           Power      Damage    Failure   Level
a - Cause Fear            Hex            27%        N/A       1%          4
b - Slow                  Hex            100%       N/A       1%          1
c - Confusing Touch       Hex            55%        N/A       1%          3
d - Yara's Violent Unrav  Hex/Tmut       23%        3d10      2%          5
e - Enfeeble              Hex            27%        N/A       24%         7
f - Discord               Hex            27%        N/A       88%         8

Your spell library contained the following spells:

 Spells                   Type           Power      Damage    Failure   Level
 Inner Flame              Hex/Fire       34%        N/A       1%          3
 Kiss of Death            Conj/Necr      64%        2d10      3%          1
 Momentum Strike          Conj/Tloc      32%        3d8       5%          2
 Apportation              Tloc           20%        N/A       6%          1
 Cigotuvi's Dreadful Rot  Necr/Pois/Air  20%        N/A       10%         2
 Poisonous Vapours        Pois/Air       20%        N/A       10%         2
 Scorch                   Fire           20%        2d6       10%         2
 Blade Hands              Tmut           18%        N/A       10%         5
 Hailstorm                Conj/Ice       16%        3d6       11%         3
 Mephitic Cloud           Conj/Pois/Air  14%        N/A       13%         3
 Ice Form                 Ice/Tmut       23%        N/A       16%         4
 Frozen Ramparts          Ice            20%        1d4       19%         3
 Lesser Beckoning         Tloc           20%        N/A       19%         3
 Vampiric Draining        Necr           10%        2d6       19%         3
 Vhi's Electric Charge    Tloc/Air       20%        N/A       19%         3
 Flame Wave               Conj/Fire      16%        2d7       34%         4
 Alistair's Intoxication  Tmut/Pois      15%        N/A       38%         5
 Summon Ice Beast         Ice/Summ       10%        N/A       54%         4
 Dragon Form              Tmut           18%        N/A       97%         7
 Iron Shot                Conj/Erth      8%         9d3       99%         6
 Summon Cactus Giant      Summ           5%         N/A       100%        6
 Dragon's Call            Summ           5%         N/A       100%        9
 Animate Armour           Summ/Erth      Unusable   N/A       N/A         4

Dungeon Overview and Level Annotations

Branches:
Dungeon (10/15)            Temple (0/1) D:4            Lair (5/5) D:8
  Swamp (0/4) Lair:3        Snake (0/4) Lair:2        Slime (0/5) Lair:5
    Orc (2/2) D:10            Elf (0/3) Orc:2

Altars:
Ashenzari
Cheibriados
Dithmenos
Fedhas
Gozag
Hepliaklqana
Okawaru
Ru
Trog
Uskayaw
Vehumet
Xom
Yredelemnul
The Shining One
Jiyva

Shops:
D:2 *   D:6 =   D:10 (   Orc:1 [

Annotations:
D:6 Exclusion stairs for rust devil vault, 8 exclusions
Lair:1 1 runed translucent door
Lair:5 3 runed translucent doors, exclusion: 3 doors, FabledHydra's ghost, journeyman MiBe
Orc:1 Josephine


Innate Abilities, Weirdness & Mutations

You can breathe blasts of scalding, opaque steam.
Your pale cyan-grey scales are hard. (AC +8)
You cannot fit into any form of body armour.
You are cold-blooded and may be slowed by cold attacks.
You are immune to the effects of steam.


Message History

Josephine completely resists.
The wraith hits you.
Josephine hits you with a +1 dagger of speed.
You hit Josephine. You tail-slap Josephine.
Josephine is heavily wounded.
Your +2 spectral triple sword hits Josephine but does no damage.
The wraith misses you. Josephine closely misses you.
Unknown command.
You barely miss Josephine.
Josephine is heavily wounded.
Your +2 spectral triple sword hits Josephine!!
The wraith hits you. The wraith drains your vigour!
You feel yourself slow down.
Josephine misses your +2 spectral triple sword.
Josephine hits your +2 spectral triple sword with a +1 dagger of speed.
Your spectral weapon shares its damage with you!
The wraith barely misses you.
You hit Josephine but do no damage.
You tail-slap Josephine, but do no damage.
Josephine is almost dead.
Your +2 spectral triple sword barely misses Josephine.
Josephine draws life force from you!
Josephine is healed by the life force!
The wraith hits you.
Josephine gestures at you while chanting.
The ghostly flame explodes!
The ghostly fireball engulfs you!!
You feel drained.
* * * LOW HITPOINT WARNING * * *
The ghostly fireball engulfs the wraith.
The wraith completely resists.
The ghostly fireball engulfs Josephine.
Josephine completely resists.
The wraith hits you but does no damage.
Unknown command.
You closely miss Josephine.
Your tail-slap misses Josephine.
Josephine is severely wounded.
Your +2 spectral triple sword hits Josephine!!
Josephine hits you but does no damage. The wraith completely misses you.
Josephine barely misses you. Josephine casts a spell at you.
The ghostly flame explodes!
The ghostly fireball engulfs you!!
You feel drained.
You die...
Your body crumbles into a pile of gold.

##.## ### ##.##
##.## ##.#####...#
####...#.#...##
####.#.#.........##
##.#.......#.......#
#..........#.).....#
#..##.......#..)[)##
...#.......##..[@W##
..##.....<.....(@..#
.##......#.........#
####...............#
###.#.#........##
####.#.........#
##..............#
##...............#
#...............##


You could see Josephine (ally target), a wraith and a friendly +2 spectral
triple sword (summoned).

Vanquished Creatures
  Snorg (Orc:1)
  6 hydras
  Harold (Lair:1)
  4 centaur warriors (D:10)
  An ogre mage (D:10)
  A catoblepas (D:10)
  2 two-headed ogres
  A death yak (Lair:5)
  3 boulder beetles
  A tengu warrior (D:10)
  A goliath frog (Lair:5)
  A lindwurm (Lair:2)
  A necromancer (Lair:5)
  An orc sorcerer (Orc:1)
  2 cyclopes (D:10)
  An ugly thing (D:9)
  23 cane toads
  8 elephants
  3 torpor snails
  4 black mambas
  An unseen horror (D:7)
  7 rime drakes
  4 komodo dragons
  3 polar bears
  3 tyrant leeches (Lair:5)
  3 trolls
  Grinder (D:3)
  A slime creature (D:10)
  37 blink frogs
  7 dream sheep
  Sigmund (D:6)
  A vampire (D:9)
  A shadow (D:7)
  53 yaks
  3 basilisks
  A wyvern (Lair:3)
  2 steam dragons
  5 vampire mosquitoes (Lair:5)
  4 wargs
  5 nagas (Lair:2)
  An acid dragon (D:9)
  10 water moccasins
  4 orc warriors
  7 sky beasts
  4 black bears
  8 ice beasts
  6 ogres
  9 wolves
  5 centaurs
  22 bullfrogs
  A gnoll sergeant (D:6)
  4 scorpions
  8 wights
  5 killer bees (D:10)
  6 howler monkeys
  3 electric eels
  7 hounds
  3 jellies
  Crazy Yiuf (D:3)
  6 orc priests
  2 iguanas
  5 orc wizards
  4 yak simulacra (Lair:5)
  2 polar bear simulacra (Lair:5)
  3 wolf simulacra (Lair:5)
  5 gnolls (D:6)
  5 adders
  A white imp (D:5)
  2 ufetubi
  4 dart slugs
  38 orcs
  4 ball pythons
  11 endoplasms
  6 giant cockroaches
  4 goblins
  4 hobgoblins
  4 quokkas (D:1)
  2 bats
  6 kobolds
  2 rats
  2 river rat simulacra (Lair:5)
445 creatures vanquished.

Vanquished Creatures (others)
  An orc (Orc:1)
  22 fungi
  102 plants
  8 toadstools (Lair:1)
133 creatures vanquished.

Grand Total: 578 creatures vanquished

Notes
Turn   | Place    | Note
-------+----------+-------------------------------------------
     0 | D:1      | Angani the Draconian Reaver began the quest for the Orb.
     0 | D:1      | Reached XP level 1. HP: 17/17 MP: 3/3
    16 | D:1      | Learned a level 1 spell: Slow
   296 | D:1      | Reached XP level 2. HP: 25/25 MP: 5/5
   371 | D:1      | Reached skill level 1 in Hexes
   723 | D:2      | Found Gohufa's Assorted Antiques.
   727 | D:2      | Bought a scroll labelled OFUMEI IGIZE for 18 gold pieces
   727 | D:2      | Bought a scroll labelled UTHRAE QOASIST for 18 gold pieces
  1214 | D:2      | Reached XP level 3. HP: 29/30 MP: 6/6
  1354 | D:2      | Found a faded altar of an unknown god.
  1362 | D:2      | Prayed at the altar of an unknown god.
  1362 | D:2      | Became a worshipper of Gozag Ym Sagoz the Greedy
  1736 | D:3      | Noticed Grinder
  2181 | D:3      | Reached XP level 4. HP: 29/38 MP: 4/7
  2291 | D:4      | Reached skill level 2 in Hexes
  2513 | D:4      | Noticed a centaur
  2522 | D:4      | Killed a centaur
  2523 | D:4      | Reached XP level 5. HP: 31/46 MP: 6/8
  2630 | D:4      | Found a hide-covered altar of Uskayaw.
  2652 | D:4      | Found a shimmering altar of Xom.
  2862 | D:4      | Found a staircase to the Ecumenical Temple.
  2918 | D:4      | Reached skill level 3 in Hexes
  2918 | D:4      | Reached XP level 6. HP: 42/53 MP: 7/9
  3415 | D:4      | Reached skill level 5 in Long Blades
  3760 | D:4      | Found a bloodstained altar of Trog.
  3761 | D:4      | Found a sacrificial altar of Ru.
  3763 | D:4      | Found a hazy altar of Hepliaklqana.
  3768 | D:4      | Found a glowing golden altar of the Shining One.
  3768 | D:4      | Found an opulent altar of Gozag.
  3768 | D:4      | Found a shadowy altar of Dithmenos.
  3775 | D:4      | Found a basalt altar of Yredelemnul.
  3776 | D:4      | Found a radiant altar of Vehumet.
  3777 | D:4      | Found a blossoming altar of Fedhas.
  3999 | D:4      | Learned a level 3 spell: Confusing Touch
  4049 | D:5      | Entered Level 5 of the Dungeon
  4064 | D:5      | Reached skill level 5 in Fighting
  4108 | D:5      | Your scales start taking on a pale cyan-grey colour.
  4108 | D:5      | Reached XP level 7. HP: 43/61 MP: 7/10
  4108 | D:5      | Gained mutation: You are immune to the effects of steam.
                  | [Pale Draconian growth]
  4372 | D:5      | Reached skill level 4 in Hexes
  4893 | D:6      | Reached XP level 8. HP: 70/70 MP: 11/11
  4967 | D:6      | Reached skill level 5 in Hexes
  5111 | D:6      | Found a snail-covered altar of Cheibriados.
  5602 | D:6      | Found an iron altar of Okawaru.
  5630 | D:6      | Found Nigunte's Jewellery Boutique.
  5692 | D:6      | Noticed Sigmund
  5697 | D:6      | Killed Sigmund
  5907 | D:6      | Bought an amulet of regeneration for 420 gold pieces
  6300 | D:3      | Found a runed translucent door.
  6301 | D:3      | Noticed Crazy Yiuf
  6353 | D:3      | Killed Grinder
  6466 | D:3      | Killed Crazy Yiuf
  6594 | D:5      | Noticed a rust devil
  6594 | D:5      | Noticed a rust devil
  6632 | D:6      | Reached skill level 9 in Hexes
  6632 | D:6      | Reached XP level 9. HP: 79/79 MP: 11/20
  6692 | D:6      | Learned a level 5 spell: Yara's Violent Unravelling
  6700 | D:6      | Learned a level 7 spell: Enfeeble
  6775 | D:7      | Reached XP level 10. HP: 88/88 MP: 21/21
  7344 | D:7      | Noticed a boulder beetle
  7378 | D:7      | Killed a boulder beetle
  7731 | D:8      | Found a staircase to the Lair.
  8069 | D:8      | Reached XP level 11. HP: 93/99 MP: 22/22
  8385 | D:9      | Reached skill level 10 in Fighting
  8415 | D:9      | Found a broken altar of Ashenzari.
  8429 | D:9      | Noticed a two-headed ogre
  8445 | D:9      | Noticed a two-headed ogre
  8452 | D:8      | Killed a two-headed ogre
  8455 | D:8      | Reached skill level 10 in Long Blades
  8594 | Lair:1   | Entered Level 1 of the Lair of Beasts
  8779 | Lair:1   | Noticed a boulder beetle
  8795 | Lair:1   | Killed a boulder beetle
  9080 | Lair:1   | Identified the +1 robe of Rocym {Str+3 Int+5}
  9226 | Lair:1   | Reached skill level 5 in Dodging
  9280 | Lair:1   | Noticed Harold
  9329 | Lair:1   | Killed Harold
  9581 | Lair:1   | Noticed a lindwurm
  9581 | Lair:1   | Noticed a lindwurm
  9603 | Lair:1   | Found a runed translucent door.
 10027 | Lair:2   | Reached XP level 12. HP: 92/106 MP: 25/25
 10137 | Lair:2   | Found a staircase to the Snake Pit.
 10469 | Lair:2   | Reached skill level 10 in Spellcasting
 10768 | Lair:2   | Noticed an eight-headed hydra
 10772 | Lair:2   | Killed an eight-headed hydra
 10878 | Lair:2   | Noticed an eight-headed hydra
 10889 | Lair:2   | Killed a 14-headed hydra
 10956 | Lair:2   | Noticed a four-headed hydra
 11053 | Lair:2   | Killed a five-headed hydra
 11064 | Lair:2   | Reached skill level 10 in Dodging
 11368 | Lair:3   | Reached skill level 1 in Transmutations
 11379 | Lair:3   | Found a staircase to the Swamp.
 11494 | Lair:3   | Reached skill level 10 in Hexes
 11494 | Lair:3   | Reached XP level 13. HP: 88/113 MP: 27/27
 11720 | Lair:3   | Found a runed translucent door.
 11912 | Lair:3   | Found a transporter.
 11912 | Lair:3   | Found a transporter.
 12157 | Lair:3   | Identified the ring "Tofug" {+Blink Fly rElec MP+9 Dex-3}
 12541 | Lair:4   | Reached skill level 5 in Transmutations
 13126 | Lair:5   | Entered Level 5 of the Lair of Beasts
 13221 | Lair:5   | Reached skill level 11 in Hexes
 13745 | Lair:5   | Reached skill level 12 in Hexes
 13936 | Lair:5   | Reached XP level 14. HP: 88/121 MP: 28/28
 14029 | Lair:5   | Got the Almanac of Wanderlust and Conduction
 14225 | Lair:5   | Found a shadowy altar of Dithmenos.
 14529 | Lair:5   | Found a runed translucent gate.
 14529 | Lair:5   | Found a runed translucent gate.
 14529 | Lair:5   | Found a runed translucent gate.
 14533 | Lair:5   | Noticed FabledHydra's ghost (journeyman MiBe)
 14604 | Lair:5   | Found a staircase to the Slime Pits.
 14604 | Lair:5   | Found a viscous altar of Jiyva.
 15157 | D:9      | Identified the +7 hand axe of Qont {vorpal, rC+ Int+3
                  | Dex+4}
 15515 | D:9      | Learned a level 4 spell: Cause Fear
 15524 | D:9      | Learned a level 8 spell: Discord
 15525 | D:10     | Entered Level 10 of the Dungeon
 15530 | D:10     | Found a staircase to the Orcish Mines.
 15598 | D:10     | Found Mionin's Weapon Emporium.
 15860 | D:9      | Reached skill level 13 in Hexes
 16208 | Orc:1    | Entered Level 1 of the Orcish Mines
 16402 | Orc:1    | Found Raelype's Armour Shoppe.
 16636 | Orc:2    | Entered Level 2 of the Orcish Mines
 16660 | Orc:2    | Noticed Snorg
 16660 | Orc:2    | Found a staircase to the Elven Halls.
 16708 | Orc:2    | Noticed Josephine
 16716 | Orc:1    | Killed Snorg
 16804 | Orc:1    | Killed from afar by Josephine

Illustrated notes

Levels and vault maps discovered:
D:1:      minmay_arrival_split_and_join, layout_basic, feat_on_display
D:2:      layout_basic, serial_shops, nicolae_shop_hallway_stairs,
          hellmonk_ecumenical_altar_zigzags, minmay_pentomino_o2
D:3:      layout_rooms, uniq_crazy_yiuf_cottage, uniq_grinder
D:4:      layout_loops_corners, minitemple, mainiacjoe_overflow_big_doors,
          minmay_temple_entry_enclosed_plants
D:5:      cheibrodos_iron_armory, layout_gridville,
          chequers_serial_rivers_small_3
D:6:      layout_basic, mainiacjoe_overflow_small_starburst,
          okawaru_metal_pillars_3, serial_shops, nicolae_inconvenience_store,
          uniq_sigmund
D:7:      minmay_slanted_spiral_squares, layout_rooms, minmay_manual_mullet
D:8:      layout_loops_corners, hellmonk_lair_entry_icy
D:9:      layout_rooms, cheibrodos_ashenzari_chains
D:10:     minmay_cut_squares, layout_basic, minmay_orc_entry_guard_dogs,
          serial_shops, nicolae_lakefront_shop
Lair:1:   gammafunk_lair_enchanted_lake, layout_loops_ring,
          infiniplex_staircase_pool, grunt_megastairs_3, uniq_harold
Lair:2:   nzn_winding_woodlands_stair_cross [nzn_winding_woodlands_5x15_default,
          nzn_winding_woodlands_center_diamonds, nzn_winding_woodlands_5x15_eye,
          nzn_winding_woodlands_5x5_default, nzn_winding_woodlands_hourglass,
          nzn_winding_woodlands_5x15_default,
          nzn_winding_woodlands_center_triple_pond,
          nzn_winding_woodlands_5x15_crooked], layout_hall_layers,
          minmay_snake_entry_guardpost_large
Lair:3:   gammafunk_boulding_lane, layout_loops_ring, swamp_mist_pool,
          nicolae_quartered_pool_super, pf_torpor_hydra
Lair:4:   layout_regular_city, grunt_megastairs_5, serial_bayou_shore_b,
          serial_bayou_shore_b
Lair:5:   minmay_lair_end_frog_pond, layout_gridlike,
          nicolae_slime_entry_slimehenge, gammafunk_ghost_hydra_chop,
          basic_altar, grunt_forest_stairs_basic, eino_house_with_fridge
Orc:1:    layout_caves, basic_altar, serial_shops, shop
Orc:2:    st_orc_pillars, layout_caves, uniq_snorg, uniq_josephine

Skill      XL: |  1  2  3  4  5  6  7  8  9 10 11 12 13 14 |
---------------+-------------------------------------------+-----
Hexes          | 1 2 3 4 9 10 12 13 | 13.2
Fighting       | 3 4 5 6 7 9 10 | 10.2
Long Blades    | 4 5 6 7 9 10 | 10.1
Spellcasting   | 7 9 10 12 | 12.0
Dodging        | 6 10 | 10.2
Transmutations | 2 7 |  7.0
Conjurations   | |  3.0

Action                   |  1- 3 |  4- 6 |  7- 9 | 10-12 | 13-15 || total
-------------------------+-------+-------+-------+-------+-------++-------
Melee: Falchion          |   135 |   158 |    25 |       |       ||   318
       Tailslap          |    17 |    21 |    12 |    72 |    75 ||   197
       Punch             |     1 |     1 |       |       |       ||     2
       Triple sword      |       |       |    49 |   383 |   425 ||   857
 Cast: Slow              |     7 |     9 |       |     3 |       ||    19
       Confusing Touch   |       |     2 |       |     5 |       ||     7
       Cause Fear        |       |       |       |       |     1 ||     1
 Abil: Breathe Steam     |       |       |    16 |    41 |    40 ||    97
Evoke: Wand              |       |       |       |     8 |     6 ||    14
  Use: Scroll            |     5 |     1 |     3 |    15 |    10 ||    34
       Potion            |       |       |     1 |     1 |     5 ||     7
 Stab: Distracted        |       |       |       |     1 |     5 ||     6
Armor: Skin              |    50 |    55 |    27 |   168 |   124 ||   424
Dodge: Dodged            |    89 |   115 |    74 |   444 |   460 ||  1182

Table legend: (Time is in decaauts)
 A = Elapsed time spent in this place.
 B = Non-inter-level travel time spent in this place.
 C = Inter-level travel time spent in this place.
 D = Time resting spent in this place.
 E = Time spent auto-exploring this place.
 F = Levels seen in this place.
 G = Mean time per level.
                   A        B        C        D        E       F      G
               +--------+--------+--------+--------+--------+-----+--------+
         Total |  17298 |  16426 |    872 |   2226 |  10448 |  17 | 1017.5 |
       Dungeon |  10018 |   9474 |    544 |   1307 |   6182 |  10 | 1001.8 |
          Lair |   6666 |   6427 |    239 |    831 |   3965 |   5 | 1333.2 |
  Orcish Mines |    612 |    524 |     88 |     88 |    301 |   2 |  306.0 |
               +--------+--------+--------+--------+--------+-----+--------+

Top non-repeatable levels by time:
  Lair:5: 1887 daAuts
     D:4: 1835 daAuts
  Lair:1: 1552 daAuts
     D:6: 1489 daAuts
  Lair:2: 1311 daAuts
     D:8: 1123 daAuts
     D:2: 1007 daAuts
  Lair:4: 965 daAuts
  Lair:3: 949 daAuts
     D:3: 907 daAuts
     D:7: 810 daAuts
     D:5: 807 daAuts
     D:9: 783 daAuts
     D:1: 731 daAuts
   Orc:1: 598 daAuts
